 Dungeon Crawl Stone Soup version 0.19.1-1-g22dce08 (webtiles) character file.

101 Angani the Magician (level 4, -2/24 HPs)
             Began as a Deep Elf Fire Elementalist on Jan 18, 2017.
             Slain by Grinder (7 damage)
             ... on level 3 of the Dungeon.
             The game lasted 00:05:46 (2363 turns).

Angani the Magician (Deep Elf Fire Elementalist)    Turns: 2363, Time: 00:05:47

Health: -2/24      AC:  2    Str:  5    XL:     4   Next: 48%
Magic:  2/13       EV: 13    Int: 21    God:
Gold:   141        SH:  0    Dex: 15    Spells: 4 memorised, 3 levels left

rFire  . . .     SeeInvis .     e - +0 whip (drain)
rCold  . . .     Gourm    .     a - +0 robe
rNeg   . . .     Faith    .     (no shield)
rPois  .         Spirit   .     (no helmet)
rElec  .         Reflect  .     (no cloak)
rCorr  .         Harm     .     (no gloves)
MR     .....                    (no boots)
Stlth  ++........               (no amulet)
                                (no ring)
                                (no ring)

@: very slightly contaminated
A: no striking features
a: no special abilities


You were on level 3 of the Dungeon.
You were hungry.

You visited 1 branch of the dungeon, and saw 3 of its levels.

You collected 141 gold pieces.

Inventory:

Hand Weapons
 e - a +0 whip of draining (weapon)
Armour
 a - a +0 robe (worn)
Scrolls
 d - 3 scrolls of identify {unknown}
 f - 4 scrolls of teleportation {unknown}
 h - a scroll of enchant armour {unknown}
 j - a scroll of noise {unknown}
 k - a scroll of enchant weapon {unknown}
 m - 2 scrolls of blinking {unknown}
 o - 3 scrolls of remove curse {unknown}
 q - a scroll of magic mapping {unknown}
 r - a scroll of fog {unknown}
Potions
 i - a potion of haste {unknown}
 l - a potion of lignification {unknown}
 n - 2 potions of curing {unknown}
 s - a potion of mutation {unknown}
Books
 b - a book of Flames

   Spells                             Type                      Level
   a - Flame Tongue                   Conjuration/Fire             1
   b - Throw Flame                    Conjuration/Fire             2
   c - Conjure Flame                  Conjuration/Fire             3
   d - Inner Flame                    Hexes/Fire                   3
   e - Sticky Flame                   Conjuration/Fire             4
   f - Fireball                       Conjuration/Fire             5
Comestibles
 c - 3 bread rations
 g - a meat ration
 p - a slice of pizza
 t - 3 chunks of flesh
 u - a beef jerky


   Skills:
 - Level 2.4 Dodging
 - Level 2.4 Stealth
 - Level 5.0 Spellcasting
 + Level 3.4 Conjurations
 - Level 3.2 Fire Magic


You had 3 spell levels left.
You knew the following spells:

 Your Spells              Type           Power        Failure   Level  Hunger
a - Flame Tongue          Conj/Fire      ###..        2%          1    None
b - Throw Flame           Conj/Fire      ###...       4%          2    None
c - Conjure Flame         Conj/Fire      ###.....     10%         3    ##.....
d - Sticky Flame          Conj/Fire      ###.....     28%         4    ####...


Dungeon Overview and Level Annotations

Branches:
Dungeon (3/15)

Altars:
Elyvilon
Hepliaklqana
Uskayaw

Annotations:
D:3 Grinder


Message History

Casting: Sticky Flame
Confirm with . or Enter, or press ? or * to list all spells.
Aiming: Sticky Flame
Press: ? - help, Shift-Dir - straight line, f/p - Grinder
Aim: Grinder (heavily wounded)
You miscast Sticky Flame.
You are very lightly contaminated with residual magic.
Heat runs through your body.
You are feeling hungry.
Grinder hits you!
You writhe in agony.
* * * LOW HITPOINT WARNING * * *
Casting: Sticky Flame
Confirm with . or Enter, or press ? or * to list all spells.
Aiming: Sticky Flame
Press: ? - help, Shift-Dir - straight line, f/p - Grinder
Aim: Grinder (heavily wounded)
The sticky flame hits Grinder.
Grinder is heavily wounded.
Grinder is covered in liquid flames!
Grinder burns!
Grinder hits you!
You die...

..[...# ####..# #..#
### ....# .# ##.# ..
.##..##.##. #.#
##.#####.##........
#.# #(. .)...
......... #.#
#.####.####$...#...
#.# #.##....5##......
#.# #.#....@..#...#
#.# ##.#.......#...# #
#.###......_.)....##.#
#...รท..#.......#....#
#.###..#.......#..##.#
...# ##.##.....##....
# #.###
#.####.####.##..# #.
#.. ..... ..# ..# #
####..####.## ...


You could see Grinder (burning).

Vanquished Creatures
  3 adders (D:2)
  2 worms (D:2)
  2 dart slugs
  2 leopard geckos (D:1)
  A ball python (D:1)
  4 giant cockroaches
  4 goblins
  5 hobgoblins
  17 jackals
  5 kobolds
  2 bats (D:2)
  4 frilled lizards
  6 rats
57 creatures vanquished.

Notes
Turn   | Place    | Note
-------+----------+-------------------------------------------
     0 | D:1      | Angani the Deep Elf Fire Elementalist began the quest for the Orb.
     0 | D:1      | Reached XP level 1. HP: 10/10 MP: 6/6
   297 | D:1      | Reached XP level 2. HP: 15/15 MP: 2/8
   304 | D:1      | Reached skill level 4 in Spellcasting
   766 | D:1      | Reached XP level 3. HP: 16/19 MP: 6/11
   806 | D:1      | Reached skill level 5 in Spellcasting
   862 | D:1      | Learned a level 2 spell: Throw Flame
   866 | D:1      | Learned a level 3 spell: Conjure Flame
  1196 | D:2      | Noticed a hand axe
  1196 | D:2      | Noticed an enchanted dagger
  1199 | D:2      | Found a hide-covered altar of Uskayaw.
  1451 | D:2      | Reached XP level 4. HP: 23/24 MP: 13/13
  1457 | D:2      | Learned a level 4 spell: Sticky Flame
  1602 | D:2      | Found a hazy altar of Hepliaklqana.
  2289 | D:3      | Found a white marble altar of Elyvilon.
  2340 | D:3      | Noticed Grinder
  2341 | D:3      | Paralysed by Grinder for 3 turns
  2363 | D:3      | Slain by Grinder

Skill      XL: |  1  2  3  4 |
---------------+-------------+-----
Spellcasting   | 4 5 |  5.0
Conjurations   | 2 3 |  3.4
Dodging        | |  2.4
Stealth        | |  2.4
Fire Magic     | |  3.2

Action                   |  1- 3 |  4- 6 || total
-------------------------+-------+-------++-------
Melee: Whip              |    13 |       ||    13
 Cast: Flame Tongue      |    63 |    31 ||    94
       Sticky Flame      |       |     2 ||     2
  Eat: Chunk             |     1 |     3 ||     4
Armor: Robe              |     8 |     2 ||    10
Dodge: Dodged            |    34 |     9 ||    43
